AoeStats
← LeonMastin

Pilgrims

509977447Analyzed
4v4 RM · 2d ago on Sep 28, 2026· 36m 58s· 8 players
Game mode
Random Map
Map size
Large (8 player)
Population
200
Speed
Normal
Resources
Standard
Victory
Conquest
Starting age
Dark Age
Ending age
Imperial Age
RankedLock teamsTeams togetherTeam positionsShared explorationLock speedFull tech treeHidden civsTurbo modeCheats
Victory
Defeat
🇺🇸 Japanese · United States
1086
+16
🇨🇦 Varangians · Canada
1069
+16
🇨🇦 Britons · Canada
1066
+17
🇫🇷 Franks · France
1065
+17
1175
-21
🇸🇪 Saracens · Sweden
1130
-19
🇪🇸 Spanish · Spain
1004
-13
🇺🇸 Italians · United States
1003
-13
Baba-Bled54
4:05 Loom
12:15 Feudal Age
13:39 Double-Bit Axe
14:30 Wheelbarrow
18:01 Castle Age
17:17 Fletching
19:19 Bow Saw
20:21 Gold Mining
20:23 Stone Mining
23:44 Bodkin Arrow
31:29 Imperial Age
30:21 Hand Cart
29:56 Town Watch
30:13 Ordonnance Companies
32:37 Conscription
32:20 Town Patrol
33:04 Forging
32:54 Scale Mail Armor
34:38 Iron Casting
33:33 Pikeman
34:13 Squires
33:58 Arson
DrKaiser
11:05 Feudal Age
9:49 Loom
14:27 Fishing Lines
17:23 Castle Age
15:59 Double-Bit Axe
20:16 Horse Collar
24:00 Squires
25:22 Scale Mail Armor
25:56 Town Watch
26:02 Arson
27:42 Forging
28:13 Heavy Plow
29:54 Iron Casting
33:44 Imperial Age
32:30 Wheelbarrow
32:21 Chain Mail Armor
34:24 Bow Saw
35:32 Elite Varangian Guard
Chorpy
6:34 Loom
11:31 Feudal Age
13:23 Double-Bit Axe
16:10 Gold Mining
16:06 Fishing Lines
19:18 Castle Age
18:55 Fletching
20:32 Medium Warships
20:13 Gillnets
21:03 Bow Saw
22:33 Bodkin Arrow
23:18 Ballistics
24:19 Stone Mining
25:41 Gold Shaft Mining
28:15 Wheelbarrow
33:15 Imperial Age
31:14 Hand Cart
32:42 Fervor
34:08 Masonry
35:34 Chemistry
35:23 Heavy Warships
36:20 Elite Cannon Galleon
OUASO
8:14 Loom
10:25 Feudal Age
12:27 Fishing Lines
17:11 Castle Age
18:30 Fletching
18:40 Padded Archer Armor
18:54 Stone Mining
18:54 Gold Mining
22:28 Leather Archer Armor
23:37 Double-Bit Axe
28:48 Ballistics
32:50 Imperial Age
30:54 Bodkin Arrow
31:04 Crossbowman
32:02 Town Watch
34:21 Bow Saw
36:47 Imperial Age
37:53 Yeomen
LeonMastin
11:17 Loom
13:04 Feudal Age
18:58 Double-Bit Axe
23:01 Castle Age
22:11 Fishing Lines
24:25 Demolition Ship
24:56 Gillnets
25:20 Medium Warships
24:31 Demolition Ship
26:25 Gold Mining
26:25 Stone Mining
28:16 Fletching
28:26 Padded Archer Armor
29:48 Wheelbarrow
28:59 Town Watch
31:19 Bow Saw
31:07 Elite Skirmisher
32:10 Leather Archer Armor
31:51 Bodkin Arrow
Hans Solo
13:25 Feudal Age
20:28 Castle Age
18:45 Gold Mining
18:48 Stone Mining
18:49 Double-Bit Axe
21:33 Medium Warships
23:40 Bow Saw
27:45 Wheelbarrow
28:43 Clinker Construction
31:03 Hand Cart
DroppingKnowLedge SOuUU! ツ
6:25 Loom
17:31 Feudal Age
18:56 Double-Bit Axe
25:10 Castle Age
24:46 Horse Collar
27:05 Bow Saw
27:33 Wheelbarrow
26:43 Town Watch
28:51 Hand Cart
28:40 Town Patrol
John Wayne
7:30 Loom
15:09 Feudal Age
16:43 Wheelbarrow
16:00 Gold Mining
16:01 Stone Mining
17:35 Fishing Lines
17:52 Double-Bit Axe
22:59 Castle Age
27:58 Imperial Age
25:56 Gillnets
25:51 Elite Skirmisher
27:13 Padded Archer Armor
29:43 Fletching
31:29 Bow Saw
31:02 Horse Collar
32:44 Conscription
32:25 Bodkin Arrow
32:45 Heavy Plow
33:44 Leather Archer Armor
33:47 Thumb Ring
35:15 Bracer
Connection lost

Rejoining the realm…

Still unreachable

The connection could not be restored.

Session expired

The server has moved on; the page needs a fresh start.